 Dungeon Crawl Stone Soup version 0.32-a0-630-g46d191b0ed (webtiles) character file.

Game seed: 383768711379932943

394 Inarius the Chopper (level 6, -14/43 HPs)
             Began as an Octopode Fighter on Mar 6, 2024.
             Demolished by an orc wizard
             ... wielding a +1 dagger of electrocution
              (19 damage)
             ... on level 4 of the Dungeon.
             The game lasted 00:05:17 (3100 turns).

Inarius the Chopper (Octopode Fighter)              Turns: 3100, Time: 00:05:18

Health: -14/43     AC:  1    Str: 17    XL:     6   Next: 82%
Magic:  6/6        EV: 13    Int: 11    God:
Gold:   338        SH:  4    Dex: 11    Spells: 5/5 levels left

rFire   . . .        a - +0 war axe
rCold   . . .        b - +0 buckler
rNeg    . . .        (helmet restricted)
rPois   .            (no amulet)
rElec   .            (no ring)
rCorr   .            (no ring)
SInv    .            (no ring)
Will    .....        (no ring)
Stlth   +++          (no ring)
HPRegen 0.27/turn    (no ring)
MPRegen 0.10/turn    (no ring)
                     (no ring)

%: no passive effects
@: hasted, very quick
A: almost no armour, amphibious, 8 rings, camouflage 1, gelatinous body 1,
(nimble swimmer 1), tentacles
a: no special abilities


You were on level 4 of the Dungeon.
You visited 1 branch of the dungeon, and saw 4 of its levels.
You also visited: Sewer.

You collected 338 gold pieces.

Inventory:

Hand Weapons
 a - a +0 war axe (weapon)
Armour
 b - a +0 buckler (worn)
Talismans
 p - a serpent talisman
Wands
 e - a wand of paralysis (5)
Scrolls
 c - 2 scrolls of immolation {unknown}
 d - a scroll of butterflies
 f - a scroll of silence {unknown}
 i - a scroll of teleportation
 j - a scroll of enchant weapon {unknown}
 k - a scroll of blinking {unknown}
 n - a scroll of fog {unknown}
 r - a scroll of enchant armour {unknown}
Potions
 g - a potion of haste
 h - a potion of enlightenment {unknown}
 l - a potion of attraction {unknown}
 m - a potion of lignification
 o - a potion of curing {unknown}
 q - a potion of brilliance {unknown}


   Skills:
 + Level 3.7 Fighting
 + Level 4.9 Axes
 + Level 3.8 Dodging
 + Level 3.9 Stealth
 + Level 3.6 Shields
 * Level 0.5 Evocations


You had 5 spell levels left.
You didn't know any spells.
Your spell library contained the following spells:

 Spells                   Type           Power      Damage    Failure   Level
 Apportation              Tloc           0%         N/A       41%         1
 Necrotise                Necr           0%         1d4       41%         1
 Sting                    Conj/Alch      0%         1d3       41%         1
 Summon Small Mammal      Summ           0%         N/A       41%         1
 Lesser Beckoning         Tloc           0%         N/A       56%         2
 Gell's Gravitas          Tloc           0%         N/A       80%         3
 Inner Flame              Hex/Fire       0%         N/A       80%         3
 Teleport Other           Tloc           0%         N/A       80%         3
 Irradiate                Conj/Alch      0%         3d11      100%        5
 Ignition                 Fire           0%         3d3       100%        8


Dungeon Overview and Level Annotations

Branches:
Dungeon (4/15)              Sewer (visited)
 Temple: D:4-7

Altars:

Shops:
D:1 =   D:3 :

Annotations:
D:4 Ijyb


Innate Abilities, Weirdness & Mutations

You cannot wear most types of armour.
You are amphibious.
You can wear up to eight rings at the same time.
Your skin changes colour to match your surroundings (Stealth+).
Your rubbery body absorbs attacks. (AC +1, EV +1)
((You are camouflaged when in or above water. (Stealth+)))
You have tentacles for arms and can constrict up to eight enemies at once.


Message History

Okay, then.
You see here a +2 mace of protection.
An orc wizard comes into view.
It is wielding a +1 dagger of electrocution.
What are your orders? t - Shout!
Orders for allies: a - Attack new target. r - Retreat! s - Stop attacking. g - Guard the area. f - Follow me.
Anything else - Cancel.
You shout for attention!
You hear a shout! x2
Ijyb the Inquisitive comes into view.
She is wielding a +0 club and carrying a wand of flame.
What are your orders? t - Shout!
Orders for allies: a - Attack new target. r - Retreat! s - Stop attacking. g - Guard the area. f - Follow me.
Anything else - Cancel.
You shout for attention!
You hear a shout! x2
The orc wizard casts a spell.
The orc wizard flickers and vanishes!
Deactivating autopickup; reactivate with Ctrl-A.
What are your orders? t - Shout!
Orders for allies: a - Attack new target. r - Retreat! s - Stop attacking. g - Guard the area. f - Follow me.
Anything else - Cancel.
Okay, then.
An orc comes into view. It is wielding a +0 flail.
You hit something but do no damage. Something hits you but does no damage.
You are electrocuted!!
Something hits you.
You miss something. Something hits you.
You miss something. You barely miss the orc. You block the orc's attack.
Something hits you. The orc barely misses you. Something hits you.
* * * LOW HITPOINT WARNING * * *
Unknown command.
You feel yourself speed up. Something hits you.
* * * LOW HITPOINT WARNING * * *
You are electrocuted!!
You die...

.....#.#<)......#
.....#.######..##
....#.# #)[#
...#.######..##
###o#............# # #..
#..........#.#
#####.#.###............#
..........#o{...)......#
#####.#.#.#@...######..#
.....#......# #..#
###g########## #..# ...
...# ... ... ##.# .. #.


You could see an orc.

Vanquished Creatures
  A crocodile (Sewer)
  A brain worm (Sewer)
  A bombardier beetle (D:3)
  An orc wizard (D:4)
  4 gnolls (D:3)
  3 adders
  3 river rats (D:3)
  3 dart slugs
  2 ribbon worms (D:2)
  6 orcs
  7 ball pythons
  5 bats
  5 endoplasms
  5 giant cockroaches
  6 goblins
  6 hobgoblins
  4 jackals (D:2)
  5 quokkas
  7 frilled lizards
  3 kobolds
  8 rats
86 creatures vanquished.

Notes
Turn   | Place    | Note
-------+----------+-------------------------------------------
     0 | D:1      | Inarius the Octopode Fighter began the quest for the Orb.
     0 | D:1      | Reached XP level 1. HP: 16/16 MP: 1/1
   397 | D:1      | Reached XP level 2. HP: 21/21 MP: 2/2
   408 | D:1      | You fall into a shaft and drop 1 floor!
   410 | D:2      | Found a faded altar of an unknown god.
   580 | D:1      | Found Wapp's Jewellery Emporium.
   596 | D:1      | Reached XP level 3. HP: 25/26 MP: 3/3
  1119 | D:2      | Reached skill level 1 in Stealth
  1647 | D:3      | Reached XP level 4. HP: 23/31 MP: 4/4
  1665 | D:3      | Found a glowing drain.
  1698 | Sewer    | Entered a sewer
  1713 | Sewer    | Noticed a brain worm
  1720 | Sewer    | Killed a brain worm
  1721 | Sewer    | Reached skill level 3 in Axes
  1721 | Sewer    | Reached XP level 5. HP: 18/36 MP: 1/5
  1795 | Sewer    | Noticed a crocodile
  1820 | Sewer    | Killed a crocodile
  1821 | Sewer    | Reached skill level 4 in Axes
  1821 | Sewer    | Reached XP level 6. HP: 32/42 MP: 6/6
  2654 | D:3      | Found Cozureur's Book Shop.
  3090 | D:4      | Noticed Ijyb
  3100 | D:4      | Demolished by an orc wizard

Illustrated notes

Levels and vault maps discovered:
D:1:      dpeg_cavernosity, layout_basic, serial_rivers,
          chequers_serial_rivers_large_b, chequers_serial_rivers_micro_b,
          chequers_serial_rivers_small_3, chequers_serial_rivers_micro_a,
          serial_shops, nicolae_shop_hallway_plus
D:2:      layout_basic, basic_ecumenical_altar
D:3:      layout_basic, serial_shops, nicolae_book_shop_shelving,
          portal_sewer_entry_e, minmay_puff
D:4:      layout_basic, uniq_ijyb, uniq_menkaure, uniq_natasha

Skill      XL: |  1  2  3  4  5 |
---------------+----------------+-----
Stealth        | 1 2 3 |  3.9
Axes           | 3 4 |  4.9
Fighting       | |  3.7
Dodging        | |  3.8
Shields        | |  3.6
Evocations     | |  0.5

Action                     |  1- 3 |  4- 6 || total
---------------------------+-------+-------++-------
  Melee: War axe           |    54 |    81 ||   135
         Constrict         |    20 |    22 ||    42
         Tentacles         |    14 |    15 ||    29
    Use: Scroll            |     3 |     1 ||     4
         Potion            |       |     4 ||     4
   Stab: Sleeping          |     9 |     6 ||    15
         Distracted        |       |     1 ||     1
 Armour: Skin              |    21 |    40 ||    61
  Dodge: Dodged            |    20 |    26 ||    46
  Block: Buckler           |    11 |     7 ||    18

Table legend: (Time is in decaauts)
 A = Elapsed time spent in this place.
 B = Non-inter-level travel time spent in this place.
 C = Inter-level travel time spent in this place.
 D = Time resting spent in this place.
 E = Time spent auto-exploring this place.
 F = Levels seen in this place.
 G = Mean time per level.
                   A        B        C        D        E       F      G
               +--------+--------+--------+--------+--------+-----+--------+
         Total |   3134 |   2992 |    142 |    296 |   1948 |   5 |  626.8 |
       Dungeon |   2896 |   2754 |    142 |    181 |   1886 |   4 |  724.0 |
         Sewer |    237 |    237 |      0 |    115 |     62 |   1 |  237.0 |
               +--------+--------+--------+--------+--------+-----+--------+

Top non-repeatable levels by time:
     D:3: 1112 daAuts
     D:1: 1039 daAuts
     D:2: 584 daAuts
   Sewer: 237 daAuts
     D:4: 160 daAuts
